 Dungeon Crawl Stone Soup version 0.23.2 (webtiles) character file.

Game seed: 1350778529661597294

462 Kairos the Shield-Bearer (level 7, -2/54 HPs)
             Began as a Formicid Fighter on Apr 12, 2019.
             Slain by a jelly (3 damage)
             ... on level 5 of the Dungeon.
             The game lasted 00:03:29 (3006 turns).

Kairos the Shield-Bearer (Formicid Fighter)         Turns: 3006, Time: 00:03:30

Health: -2/54      AC: -4    Str: 22    XL:     7   Next: 28%
Magic:  7/7        EV:  9    Int:  8    God:
Gold:   236        SH: 10    Dex: 13    Spells: 6/6 levels left

rFire    . . .     SeeInvis +   a - +0 quarterstaff
rCold    + . .     Gourm    .   c - +0 shield
rNeg     . . .     Faith    .   b - +0 scale mail
rPois    .         Spirit   .   (helmet unavailable)
rElec    .         Reflect  .   (no cloak)
rCorr    .         Harm     +   (no gloves)
MR       .....                  (no boots)
Stlth    +.........             o - amulet of harm
HPRegen  0.18/turn              j - +3 ring of dexterity
MPRegen  0.10/turn              k - ring of protection from cold

@: corroded
A: permanent stasis, dig shafts and tunnels, four strong arms, antennae 3
a: Dig, Shaft Self


You were on level 5 of the Dungeon.
You were not hungry.

You visited 1 branch of the dungeon, and saw 5 of its levels.

You collected 236 gold pieces.

Inventory:

Hand Weapons
 a - a +0 quarterstaff (weapon)
 s - a +2 hand axe of flaming
Armour
 b - a +0 scale mail (worn)
 c - a +0 shield (worn)
Jewellery
 j - a +3 ring of dexterity (left hand)
 k - a ring of protection from cold (right hand)
 o - an amulet of harm (around neck)
Wands
 p - a wand of polymorph (9)
 u - a wand of paralysis (7)
Scrolls
 e - 3 scrolls of identify
 g - 2 scrolls of remove curse
 h - a scroll of amnesia {unknown}
 l - a scroll of blinking {unknown}
 m - 3 scrolls of magic mapping {unknown}
 v - a scroll of noise {unknown}
 x - a scroll of enchant armour {unknown}
Potions
 d - a potion of might
 i - 2 potions of curing
 n - a potion of ambrosia
 q - a potion of agility
 r - a potion of magic {unknown}
 w - a potion of brilliance {unknown}
Comestibles
 f - 12 rations
 t - 2 chunks of flesh


   Skills:
 + Level 4.2 Fighting
 + Level 5.1 Staves
 + Level 4.2 Armour
 + Level 0.9 Dodging
 + Level 1.9 Stealth
 + Level 5.3 Shields
 + Level 0.2 Evocations


You had 6 spell levels left.
You didn't know any spells.
Your spell library was empty.

Dungeon Overview and Level Annotations

Branches:
Dungeon (5/15)
 Temple: D:4-7

Altars:
Ashenzari
Gozag
Ru
Sif Muna
Vehumet
Zin


Innate Abilities, Weirdness & Mutations

You cannot be hasted, slowed, berserked, paralysed or teleported.
You can dig through walls and to a lower floor.
Your four strong arms can wield two-handed weapons with a shield.
You have a pair of large antennae on your head. (SInv)


Message History

A jelly is nearby!
You are too injured to fight recklessly!
You hit the jelly but do no damage.
Your hands burn!
The jelly is heavily wounded.
You block the jelly's attack.
You hit the jelly but do no damage.
Your hands burn!
The jelly is heavily wounded.
The jelly hits you.
* * * LOW HITPOINT WARNING * * *
You are splashed with acid.
* * * LOW HITPOINT WARNING * * *
You hit the jelly but do no damage.
Your hands burn!
* * * LOW HITPOINT WARNING * * *
The jelly is heavily wounded.
You block the jelly's attack.
You hit the jelly.
Your hands burn!
* * * LOW HITPOINT WARNING * * *
The jelly is severely wounded.
The jelly hits you.
You die...

#.##
##..
....
%..
...
..#
#.
#.#
##
#J#
>.
#@#
#
#.#
#
#.#
#.#
####
#.#
..#
#.#
#.#
#.#
#.#
#.#
#..
#.#
##..


You could see a jelly.

Vanquished Creatures
  An ogre (D:4)
  A quasit (D:5)
  A centaur skeleton (D:2)
  A hound (D:4)
  An orc wizard (D:3)
  An iguana (D:5)
  A worker ant (D:4)
  A hound skeleton (D:4)
  A gnoll (D:2)
  8 adders
  2 oozes
  4 worms (D:2)
  2 dart slugs
  3 leopard geckos
  7 orcs
  2 ball pythons
  2 giant cockroaches
  9 hobgoblins
  10 jackals
  A quokka (D:3)
  6 bats
  4 frilled lizards
  7 goblins
  4 kobolds
  A quokka skeleton (D:4)
  10 rats
91 creatures vanquished.

Vanquished Creatures (others)
  4 toadstools (D:1)
4 creatures vanquished.

Grand Total: 95 creatures vanquished

Notes
Turn   | Place    | Note
-------+----------+-------------------------------------------
     0 | D:1      | Kairos the Formicid Fighter began the quest for the Orb.
     0 | D:1      | Reached XP level 1. HP: 18/18 MP: 1/1
    54 | D:1      | Reached XP level 2. HP: 24/24 MP: 2/2
   234 | D:1      | Reached XP level 3. HP: 23/29 MP: 3/3
   861 | D:2      | Reached XP level 4. HP: 36/36 MP: 4/4
  1331 | D:2      | Reached XP level 5. HP: 41/42 MP: 5/5
  1663 | D:3      | Found Zin's Purification Station.
  1665 | D:3      | Found a glowing silver altar of Zin.
  1995 | D:3      | Found a deep blue altar of Sif Muna.
  2149 | D:4      | Noticed an ogre
  2156 | D:4      | Killed an ogre
  2156 | D:4      | Reached skill level 5 in Shields
  2156 | D:4      | Reached XP level 6. HP: 48/48 MP: 6/6
  2170 | D:4      | Reached skill level 1 in Stealth
  2177 | D:4      | Found a radiant altar of Vehumet.
  2202 | D:4      | Found an opulent altar of Gozag.
  2282 | D:4      | Found a sacrificial altar of Ru.
  2592 | D:4      | Reached XP level 7. HP: 53/54 MP: 7/7
  2659 | D:4      | Found a shattered altar of Ashenzari.
  2811 | D:5      | Entered Level 5 of the Dungeon
  2942 | D:5      | Reached skill level 5 in Staves
  3006 | D:5      | HP: 1/54 [acid (6)]
  3006 | D:5      | Slain by a jelly

Skill      XL: |  1  2  3  4  5  6  7 |
---------------+----------------------+-----
Shields        | 4 5 |  5.3
Staves         | 3 4 5 |  5.1
Armour         | 4 |  4.2
Stealth        | 1 |  1.9
Fighting       | 4 |  4.2
Dodging        | |  0.9
Evocations     | |  0.2

Action                   |  1- 3 |  4- 6 |  7- 9 || total
-------------------------+-------+-------+-------++-------
Melee: Quarterstaff      |    95 |   162 |    33 ||   290
Evoke: Wand              |       |     3 |       ||     3
  Use: Scroll            |       |     5 |       ||     5
 Stab: Paralysed         |       |     2 |       ||     2
  Eat: Chunk             |       |     5 |     2 ||     7
Armor: Scale mail        |    26 |    86 |    10 ||   122
Dodge: Dodged            |    31 |    54 |    10 ||    95
Block: Shield            |    43 |    95 |    18 ||   156
